 Dungeon Crawl Stone Soup version 0.21.1-1-g345015f (webtiles) character file.

247 letownia2 the Charmwright (level 6, -2/46 HPs)
             Began as a Merfolk Skald on Mar 15, 2018.
             Slain by a hound (5 damage)
             ... on level 3 of the Dungeon.
             The game lasted 00:04:49 (662 turns).

letownia2 the Charmwright (Merfolk Skald)            Turns: 662, Time: 00:04:50

Health: -2/46      AC:  3    Str: 12    XL:     6   Next: 11%
Magic:  3/9        EV: 12    Int: 13    God:
Gold:   99         SH:  0    Dex: 14    Spells: 3/9 levels left

rFire    . . .     SeeInvis .   a - +0 spear
rCold    . . .     Gourm    .   (no shield)
rNeg     + . .     Faith    .   b - +0 leather armour
rPois    .         Spirit   .   (no helmet)
rElec    .         Reflect  .   (no cloak)
rCorr    .         Harm     .   (no gloves)
MR       .....                  (no boots)
Stlth    +.........             (no amulet)
HPRegen  0.15/turn              o - ring of positive energy
MPRegen  0.11/turn              (no ring)

@: shrouded, infused
A: change form in water, swift swim, stealthy swim
a: no special abilities


You were on level 3 of the Dungeon.
You were not hungry.

You visited 1 branch of the dungeon, and saw 3 of its levels.

You collected 99 gold pieces.

Inventory:

Hand Weapons
 a - a +0 spear (weapon)
 p - a cursed +0 scythe
Missiles
 h - 22 sling bullets
Armour
 b - a +0 leather armour (worn)
 l - a +0 scale mail
 m - a +0 ring mail
Jewellery
 o - a ring of positive energy (left hand)
Wands
 k - a wand of acid (4)
Scrolls
 e - 3 scrolls of identify {unknown}
 g - 2 scrolls of teleportation {unknown}
 j - 2 scrolls of magic mapping {unknown}
Potions
 f - a potion of haste {unknown}
 i - a potion of might {unknown}
 n - 2 potions of brilliance {unknown}
 q - a potion of lignification {unknown}
Books
 c - a book of Battle

   Spells                             Type                      Level
   a - Infusion                       Charms                       1
   b - Shroud of Golubria             Charms/Translocation         2
   c - Song of Slaying                Charms                       2
   d - Spectral Weapon                Hexes/Charms                 3
   e - Regeneration                   Charms/Necromancy            3
Comestibles
 d - 2 rations


   Skills:
 + Level 2.6 Fighting
 - Level 3.8 Polearms
 - Level 0.6 Armour
 - Level 2.6 Dodging
 - Level 2.0 Spellcasting
 - Level 1.7 Hexes
 - Level 6.1 Charms
 - Level 1.1 Translocations


You had 3 spell levels left.
You knew the following spells:

 Your Spells              Type           Power        Failure   Level  Hunger
a - Infusion              Chrm           ###.         2%          1    ##.....
t - Shroud of Golubria    Chrm/Tloc      ##........   11%         2    ###....
x - Spectral Weapon       Hex/Chrm       ##......     19%         3    ####...


Dungeon Overview and Level Annotations

Branches:
Dungeon (3/15)

Altars:
Nemelex Xobeh
Qazlal
Uskayaw

Annotations:
D:3 Jessica


Message History

You hit the hound.
The hound is moderately wounded.
The hound bites you.
* * * LOW HITPOINT WARNING * * *
An orc comes into view.
Unknown command.
The hound bites you.
* * * LOW HITPOINT WARNING * * *
Casting: Infusion
Confirm with . or Enter, or press ? or * to list all spells.
Space distorts slightly along a thin shroud covering your body.
The orc shouts!
The hound stops to sniff the ground.
The hound barely misses you. The hound bites you.
* * * LOW HITPOINT WARNING * * *
Your shroud bends the hound's attack away.
There is a shaft here.
Unknown command.
The hound bites you.
You die...

...........^.≈.≈..# ≈^.#.#
.##....#..#§.^...§###..#.#.#
............^..(.§§^.......
#######..#......_§§....#
##...o......≈^≈..≈≈..^.#
....###..#.^.≈#^.≈.#§..# #
....# #..#.^≈≈^^.≈.##≈.#.#
....# #..#..#≈#^.^.#...#.#
....###..#..≈..^@h≈o.#...#
.........#.......###.#.###
...o.....######### #o#.#
####.##### #(#.# # #.######
##o#.####### ####......#
#........... ..........#
##o#........ #########.##
.##.o.....(. ....)).....#
#..#.........


You could see a hound and an orc.

Vanquished Creatures
  Sigmund (D:3)
  An orc priest (D:3)
  2 adders
  An ooze (D:2)
  A worm (D:3)
  A dart slug (D:3)
  5 orcs (D:3)
  A ball python (D:2)
  A giant cockroach (D:3)
  2 goblins
  4 hobgoblins
  2 kobolds
  2 bats
  5 rats
29 creatures vanquished.

Vanquished Creatures (others)
  A bat (D:3)
1 creature vanquished.

Grand Total: 30 creatures vanquished

Notes
Turn   | Place    | Note
-------+----------+-------------------------------------------
     0 | D:1      | letownia2 the Merfolk Skald began the quest for the Orb.
     0 | D:1      | Reached XP level 1. HP: 16/16 MP: 3/3
   107 | D:2      | Found a sparkling altar of Nemelex Xobeh.
   158 | D:2      | Reached XP level 2. HP: 16/22 MP: 0/5
   215 | D:2      | Learned a level 2 spell: Shroud of Golubria
   241 | D:2      | Found a hide-covered altar of Uskayaw.
   303 | D:2      | Reached skill level 1 in Translocations
   303 | D:2      | Reached XP level 3. HP: 26/27 MP: 0/6
   308 | D:2      | Learned a level 3 spell: Spectral Weapon
   358 | D:3      | Reached skill level 1 in Hexes
   358 | D:3      | Reached skill level 4 in Charms
   358 | D:3      | Reached XP level 4. HP: 26/33 MP: 1/7
   454 | D:3      | Noticed Sigmund
   475 | D:3      | Killed Sigmund
   475 | D:3      | Reached skill level 6 in Charms
   475 | D:3      | Reached XP level 5. HP: 7/38 MP: 1/8
   475 | D:3      | Reached XP level 6. HP: 8/44 MP: 1/9
   501 | D:3      | Noticed Jessica
   617 | D:3      | Found a stormy altar of Qazlal.
   658 | D:3      | HP: 2/46 [hound (4)]
   662 | D:3      | Slain by a hound

Skill      XL: |  1  2  3  4 |
---------------+-------------+-----
Translocations | 1 |  1.1
Hexes          | 1 |  1.7
Charms         | 4 6 |  6.1
Fighting       | |  2.6
Polearms       | |  3.8
Armour         | |  0.6
Dodging        | |  2.6
Spellcasting   | |  2.0

Action                   |  1- 3 |  4- 6 || total
-------------------------+-------+-------++-------
Melee: Spear             |    63 |    39 ||   102
 Cast: Infusion          |     7 |     5 ||    12
       Shroud of Golubri |     3 |     5 ||     8
Evoke: Wand              |     1 |     4 ||     5
Armor: Leather armour    |    11 |     9 ||    20
Dodge: Dodged            |    24 |    19 ||    43
